 Dungeon Crawl Stone Soup version 0.28-a0-533-g9f97627e2a (webtiles) character file.

Game seed: 9616535073029993748

89 siradein the Bolt Thrower (level 4, -2/38 HPs)
             Began as a Minotaur Hunter on Sept 26, 2021.
             Slain by a gnoll shaman (3 damage)
             ... on level 3 of the Dungeon.
             The game lasted 00:02:54 (2556 turns).

siradein the Bolt Thrower (Minotaur Hunter)         Turns: 2556, Time: 00:02:55

Health: -2/38      AC:  8    Str: 17    XL:     4   Next: 31%
Magic:  3/3        EV:  4    Int:  8    God:
Gold:   90         SH:  0    Dex: 11    Spells: 3/3 levels left

rFire   . . .      SeeInvis .   l - +0 rapier
rCold   . . .      Faith    .   (no shield)
rNeg    . . .      Spirit   .   j - +0 chain mail
rPois   .          Reflect  .   (helmet restricted)
rElec   .          Harm     .   (no cloak)
rCorr   .          Rampage  .   (no gloves)
Will    .....                   (no boots)
Stlth   ..........              (no amulet)
HPRegen 0.12/turn               (no ring)
MPRegen 0.08/turn               (no ring)

@: lit by a corona, held, glowing
A: horns 2, retaliatory headbutt
a: no special abilities


You were on level 3 of the Dungeon.
You visited 1 branch of the dungeon, and saw 3 of its levels.

You collected 90 gold pieces.

Inventory:

Hand Weapons
 a - a +1 hand crossbow
 l - a +0 rapier (weapon)
Missiles
 d - 20 bolts
 e - 35 stones
 k - 34 sling bullets
 m - 5 boomerangs (quivered)
 n - 17 poisoned darts
Armour
 j - a +0 chain mail (worn)
Scrolls
 b - 2 scrolls of teleportation {unknown}
 f - 2 scrolls of identify {unknown}
 h - a scroll of enchant weapon {unknown}
Potions
 c - a potion of cancellation {unknown}
 g - a potion of curing {unknown}
 i - a potion of brilliance {unknown}


   Skills:
 + Level 3.5 Fighting
 + Level 5.0 Crossbows
 + Level 0.8 Throwing
 + Level 1.1 Armour
 + Level 3.2 Dodging
 - Level 0.7 Stealth


You had 3 spell levels left.
You didn't know any spells.
Your spell library contained the following spells:

 Spells                   Type           Power      Damage    Failure   Level
 Animate Skeleton         Necr           0%         N/A       100%        1
 Pain                     Necr           0%         1d4       100%        1
 Ozocubu's Armour         Ice            0%         N/A       100%        3
 Vampiric Draining        Necr           0%         2d6       100%        3
 Ozocubu's Refrigeration  Ice            0%         4d5       100%        7


Dungeon Overview and Level Annotations

Branches:
Dungeon (3/15)

Altars:


Innate Abilities, Weirdness & Mutations

You have a pair of horns on your head.
You reflexively headbutt those who attack you in melee.


Message History

The gnoll shaman barely misses you. You furiously retaliate!
You headbutt the gnoll shaman, but do no damage.
Unknown command.
Throw: 6 boomerangs
Press: ? - help, Q - select action, (/) - cycle Shift-Dir - straight line, f/p - gnoll shaman
Aim: a gnoll shaman, wielding a +0 club and wearing a +0 robe (heavily wounded, 60% to hit)
You throw a boomerang.
The boomerang hits the gnoll shaman but does no damage.
The gnoll shaman is heavily wounded.
The gnoll hits you but does no damage. The gnoll completely misses you.
The gnoll shaman hits you but does no damage.
The gnoll hits you but does no damage.
Throw: 6 boomerangs
Press: ? - help, Q - select action, (/) - cycle Shift-Dir - straight line, f/p - gnoll shaman
Aim: a gnoll shaman, wielding a +0 club and wearing a +0 robe (heavily wounded, 58% to hit)
You throw a boomerang.
The boomerang barely misses the gnoll shaman.
The boomerang hits the gnoll but does no damage.
The gnoll barely misses you.
The gnoll shaman hits you with a +0 club.
The gnoll hits you from afar with a +0 spear.
* * * LOW HITPOINT WARNING * * *
You barely miss the gnoll shaman. Your headbutt misses the gnoll shaman.
The gnoll shaman is heavily wounded.
The gnoll hits you from afar with a +2 vorpal spear.
* * * LOW HITPOINT WARNING * * *
x2 The gnoll shaman hits you with a +0 club.
* * * LOW HITPOINT WARNING * * *
The gnoll barely misses you.
The gnoll throws a throwing net.
The throwing net hits you.
You become entangled in the net!
You see here a throwing net.
You struggle against the net.
You struggle against the net.
The gnoll shaman hits you with a +0 club.
* * * LOW HITPOINT WARNING * * *
You shred the net and break free!
The gnoll throws a throwing net.
The throwing net hits you.
You become entangled in the net!
The gnoll shaman hits you with a +0 club.
You die...

#######.####.#......
#..# #.# ####.
###.## #.. #...#
##.. . #<### #.. ..
.########.# ......
.......#..## .>...(
#.....####### .....
#..##..@.ggg##......
#.#####g.g..g.w.....
#.#.....######......
#...##### .....
##### ####


You could see a gnoll shaman, a worm and 5 gnolls.

Vanquished Creatures
  2 adders (D:2)
  A worm (D:2)
  3 dart slugs
  7 endoplasms
  2 giant cockroaches
  7 goblins
  4 hobgoblins
  4 jackals (D:2)
  5 kobolds
  11 ball pythons
  3 bats
  2 frilled lizards (D:1)
  7 rats
58 creatures vanquished.

Notes
Turn   | Place    | Note
-------+----------+-------------------------------------------
     0 | D:1      | siradein the Minotaur Hunter began the quest for the Orb.
     0 | D:1      | Reached XP level 1. HP: 18/18 MP: 0/0
    34 | D:1      | Reached XP level 2. HP: 19/25 MP: 1/1
   504 | D:1      | Found a faded altar of an unknown god.
   799 | D:1      | Reached XP level 3. HP: 31/31 MP: 2/2
  1823 | D:2      | Reached XP level 4. HP: 33/38 MP: 3/3
  2168 | D:2      | Reached skill level 5 in Crossbows
  2168 | D:2      | Reached skill level 1 in Armour
  2555 | D:3      | HP: 1/38 [gnoll shaman (5)]
  2556 | D:3      | Slain by a gnoll shaman

Illustrated notes

Levels and vault maps discovered:
D:1:      dpeg_arrival_water_temple_mockup, layout_loops_ring,
          basic_ecumenical_altar, minmay_strange_pillars
D:2:      cheibrodos_old_hovel, layout_basic, st_stairs_6,
          minmay_misc_feat_rugged
D:3:      layout_rooms, mainiacjoe_overflow_chevrons, minmay_circle_x

Skill      XL: |  1  2  3  4 |
---------------+-------------+-----
Fighting       | 3 |  3.5
Dodging        | 3 |  3.2
Crossbows      | 5 |  5.0
Armour         | 1 |  1.1
Throwing       | |  0.8
Stealth        | |  0.7

Action                   |  1- 3 |  4- 6 || total
-------------------------+-------+-------++-------
Melee: Short sword       |    68 |       ||    68
       Headbutt          |    13 |     3 ||    16
       Rapier            |    45 |    27 ||    72
Throw: Boomerang         |       |     3 ||     3
 Stab: Sleeping          |     1 |       ||     1
Armor: Leather armour    |     4 |       ||     4
       Chain mail        |    65 |    24 ||    89
Dodge: Dodged            |    61 |    10 ||    71

Table legend: (Time is in decaauts)
 A = Elapsed time spent in this place.
 B = Non-inter-level travel time spent in this place.
 C = Inter-level travel time spent in this place.
 D = Time resting spent in this place.
 E = Time spent auto-exploring this place.
 F = Levels seen in this place.
 G = Mean time per level.
                   A        B        C        D        E       F      G
               +--------+--------+--------+--------+--------+-----+--------+
         Total |   2576 |   2551 |     25 |      0 |   2150 |   3 |  858.7 |
       Dungeon |   2576 |   2551 |     25 |      0 |   2150 |   3 |  858.7 |
               +--------+--------+--------+--------+--------+-----+--------+

Top non-repeatable levels by time:
     D:2: 1288 daAuts
     D:1: 1202 daAuts
     D:3: 86 daAuts
